Map: Orbital Shipyard

Players

LilDicky - Winner!

  • Race: Terran Terran
  • League: Diamond

Xeraan

  • Race: Protoss Protoss
  • League: Platinum

VOD

http://www.twitch.tv/tumescentpie

Description

Time

  • Played on: Nov. 30, 2015, 10:49 a.m.
  • Length: 9:52
Show
View Real Time Build Order
Export as new Build Order

LilDicky Terran - Winner!

Build Orders: MMM Bio 

Get SALT Encoding   

  12  0:01  SCV  
  13  0:13  SCV  
  14  0:18  Supply Depot  
  14  0:25  SCV  
  14  0:28  Refinery  
  15  0:39  SCV  
  16  0:45  Barracks  
  16  0:56  SCV  
  17  1:08  SCV  
  18  1:20  SCV  
  19  1:34  Marine  
  19  1:35  Supply Depot  
  19  1:39  Factory  
  21  1:41  Orbital Command  
  20  1:52  Marine  
  21  2:01  Barracks  
  21  2:04  Barracks  
  21  2:12  Refinery  
  21  2:13  SCV  
  22  2:25  Supply Depot  
  22  2:28  SCV  
  23  2:35  Barracks Reactor  
  23  2:40  SCV  
  23  2:41  Widow Mine  
  25  2:49  Barracks Tech Lab  
  25  2:50  Barracks Tech Lab  
  25  2:54  SCV  
  25  2:57  Supply Depot  
  26  3:10  Widow Mine  
  28  3:22  Marine x2  
  28  3:25  Combat Shields, Stimpack  
  28  3:26  Marine  
  31  3:35  Marauder  
  31  3:37  SCV  
  34  3:41  Widow Mine  
  34  3:59  Marauder x2, Marine x2  
  40  4:03  Engineering Bay  
  40  4:14  Bunker  
  40  4:16  Marine x2  
  41  4:20  Marauder  
  44  4:28  Marine  
  41  4:34  Marine  
  41  4:36  Missile Turret  
  41  4:37  SCV  
  43  4:50  Marine  
  43  4:51  Marauder, Marine  
  47  4:54  Missile Turret  
  47  5:00  Supply Depot  
  47  5:09  Supply Depot  
  47  5:21  Marine x2  
  47  5:22  Marine x2  
  51  5:32  SCV  
  52  5:39  Marine x3  
  52  5:40  Marauder  
  54  5:57  Marine x3  
  54  6:01  Marauder  
  53  6:15  Marauder, Marine x2  
  51  6:23  Marauder  
  53  6:34  Starport, Marine x2  
  53  6:37  Marauder  
  57  6:43  Marine  
  58  6:47  Command Center  
  58  6:51  Marine  
  58  6:52  Marine  
  60  6:58  Marauder  
  62  7:01  Concussive Shells  
  62  7:08  Supply Depot  
  62  7:09  Marine  
  62  7:14  Marine  
  63  7:20  SCV  
  63  7:29  Medivac, Widow Mine  
  71  7:30  Supply Depot, Marauder x2  
  71  7:41  Marine  
  66  7:51  Marine  
  58  7:54  Marine  
  58  7:55  Marine  
  56  7:59  Marine  
  57  8:08  Marine  
  57  8:12  Marine  
  59  8:13  Marauder  
  59  8:17  Medivac  
  63  8:20  Orbital Command  
  63  8:21  SCV  
  64  8:27  Supply Depot  
  64  8:28  Marine  
  64  8:33  SCV  
  66  8:43  Marine  
  66  8:44  Marine x2  
  66  8:45  Marine  
  68  8:52  SCV  
  68  8:55  SCV  
  70  9:01  Marine x2  
Show
View Real Time Build Order
Export as new Build Order

Xeraan Protoss 

Build Orders:  

Get SALT Encoding   

  12  0:01  Probe (Chrono Boost)  
  13  0:11  Probe (Chrono Boost)  
  14  0:18  Pylon  
  14  0:22  Probe (Chrono Boost)  
  15  0:37  Probe (Chrono Boost)  
  15  0:40  Gateway  
  16  0:48  Probe (Chrono Boost), Assimilator  
  17  0:58  Probe (Chrono Boost)  
  17  1:04  Pylon  
  18  1:09  Probe (Chrono Boost)  
  19  1:13  Gateway  
  19  1:23  Probe (Chrono Boost)  
  20  1:27  Cybernetics Core  
  20  1:33  Probe (Chrono Boost)  
  20  1:36  Assimilator  
  21  1:44  Probe (Chrono Boost)  
  22  1:54  Probe (Chrono Boost), Pylon  
  23  2:04  Adept (Chrono Boost)  
  23  2:05  Adept (Chrono Boost)  
  23  2:08  Mothership Core  
  29  2:15  Warp Gate (Chrono Boost)  
  29  2:35  Robotics Facility  
  29  2:49  Nexus  
  29  3:23  Observer (Chrono Boost)  
  28  3:35  Gateway  
  28  3:36  Gateway  
  28  4:10  Stalker x2  
  32  4:33  Warp Prism (Chrono Boost)  
  34  4:48  Gateway  
  34  4:49  Gateway  
  34  4:52  Pylon  
  34  4:53  Adept x2  
  34  4:55  Adept  
  34  4:57  Adept  
  42  5:31  Probe  
  41  6:06  Adept x2  
  41  6:07  Adept  
  24  6:39  Immortal (Chrono Boost), Probe  
  28  6:41  Probe  
  28  6:44  Pylon  
  30  6:49  Pylon  
  30  6:50  Probe  
  30  6:53  Probe  
  32  7:00  Mothership Core  
  32  7:05  Probe  
  32  7:07  Sentry  
  37  7:17  Probe  
  37  7:19  Probe  
  37  7:21  Zealot x2  
  43  7:29  Probe  
  44  7:30  Probe  
  44  7:31  Stalker  
  47  7:41  Probe  
  46  7:46  Zealot x2  
  44  8:13  Observer (Chrono Boost)  
  44  8:16  Probe  
  46  8:22  Assimilator  
  46  8:27  Assimilator  
  46  8:28  Probe  
  46  8:31  Pylon  
  47  8:34  Pylon  
  45  8:44  Stalker  
  47  8:49  Probe  
  47  8:51  Probe  
  49  9:00  Probe  
  50  9:03  Probe  
  50  9:08  Pylon  
  51  9:10  Probe  
  51  9:15  Probe  
  52  9:21  Probe  
  47  9:26  Adept x2  
  47  9:27  Adept x3  
Tags
 
Add a new tag
Caveats
  • Supply blocks, unpowered buildings, or Contaminate may cause inaccurate times.
  • Supply counts are checked every 10 seconds.